 Dungeon Crawl Stone Soup version 0.20-a0-309-gcba9277 (webtiles) character file.

319278 ohad the Warrior (level 22, -6/182 HPs)
             Began as a Formicid Fighter on Dec 19, 2016.
             Was the Champion of Makhleb.
             Killed from afar by a hellion (35 damage)
             ... with damnation
             ... summoned by a deep elf demonologist
             ... led by an ironheart preserver
             ... on level 1 of the Vaults.
             The game lasted 02:21:53 (38370 turns).

ohad the Warrior (Formicid Fighter)                Turns: 38370, Time: 02:21:54

Health: -6/182     AC: 29    Str: 22    XL:     22   Next: 42%
Magic:  42/42      EV: 23    Int: 15    God:    Makhleb [******]
Gold:   70         SH: 21    Dex: 21    Spells: 11/21 levels left

rFire  + + .     SeeInvis +     F - +4 lajatang (vamp)
rCold  + . .     Gourm    .     J - +3 plate armour {rC+}
rNeg   + . .     Faith    .     c - +0 large shield
rPois  +         Spirit   .     (helmet unavailable)
rElec  +         Reflect  .     R - +1 cloak
rCorr  .         Harm     .     Q - +2 pair of gloves
MR     +++++     Clarity  +     q - +0 pair of boots {run}
Stlth  +.........               t - amulet of the Four Winds {rN+ MR+++ Clar}
                                W - ring of Gatruny {rF++ MP+9 Dex+2 Slay+3}
                                k - ring of Summertime {+Blink rElec rPois Int+2}

@: agile, lethally poisoned (-6 -> -13), quick
A: permanent stasis, dig shafts and tunnels, four strong arms, antennae 3,
subdued magic 1
}: 2/15 runes: decaying, serpentine
a: Dig, Shaft Self, Minor Destruction, Lesser Servant of Makhleb, Major
Destruction, Greater Servant of Makhleb, Renounce Religion


You were on level 1 of the Vaults.
You worshipped Makhleb.
Makhleb was exalted by your worship.
You were near starving.

You visited 8 branches of the dungeon, and saw 36 of its levels.
You also visited: Bailey.

You collected 5782 gold pieces.
You spent 5712 gold pieces at shops.

Inventory:

Hand Weapons
 a - a +2 quarterstaff of holy wrath
 p - a +9 lajatang of pain
 B - the +6 quarterstaff "Hiub" {drain, rF+ Int-3 Dex+4}
   (You found it on level 6 of the Dungeon)

   A truly terrible weapon, it drains the life of those it strikes.
   It affects your intelligence (-3).
   It affects your dexterity (+4).
   It protects you from fire.
 F - a +4 vampiric lajatang (weapon)
 L - the +10 lajatang "Jizimar" {slice, Str+3 Int+2 Dex-3 Stlth+}
   (You acquired it on level 1 of the Lair of Beasts)

   It inflicts extra damage upon your enemies.
   It affects your strength (+3).
   It affects your intelligence (+2).
   It affects your dexterity (-3).
   It makes you more stealthy.
Armour
 c - a +0 large shield (worn)
 q - a +0 pair of boots of running (worn)
 J - a +3 plate armour of cold resistance (worn)
 Q - a +2 pair of gloves (worn)
 R - a +1 cloak (worn)
Jewellery
 b - an uncursed amulet of faith
 k - the ring of Summertime (left hand) {+Blink rElec rPois Int+2}
   (You bought it in a shop on level 2 of the Snake Pit)

   [ring of poison resistance]

   It affects your intelligence (+2).
   It insulates you from electricity.
   It protects you from poison.
   It lets you blink.
 t - the amulet of the Four Winds (around neck) {rN+ MR+++ Clar}
   (You bought it in a shop on level 1 of the Snake Pit)

   [amulet of nothing]

   It protects you from negative energy.
   It affects your resistance to hostile enchantments.
   It protects you against confusion.
 u - a +3 amulet of reflection
 v - an uncursed ring of resist corrosion
 w - an uncursed ring of protection from cold
 D - an uncursed ring of protection from fire
 M - the ring of Xyass {+Inv rN+ AC+6 Str+4}
   (You bought it in a shop on level 1 of the Snake Pit)

   [ring of protection]

   It affects your AC (+6).
   It affects your strength (+4).
   It protects you from negative energy.
   It lets you turn invisible.
 W - the ring of Gatruny (right hand) {rF++ MP+9 Dex+2 Slay+3}
   (You bought it in a shop on level 6 of the Dungeon)

   [ring of magical power]

   It affects your dexterity (+2).
   It affects your accuracy and damage with ranged weapons and melee attacks
   (+3).
   It greatly protects you from fire.
   It affects your magic capacity (+9).
Wands
 h - a wand of heal wounds (3/9)
 n - a wand of paralysis (10/24)
 o - a wand of disintegration (10/24)
 V - a wand of heal wounds (5/9)
Scrolls
 g - 14 scrolls of remove curse
 i - 6 scrolls of magic mapping
 j - a scroll of identify
 s - 2 scrolls of fear
 x - 2 scrolls of silence
 C - 4 scrolls of summoning
 K - 4 scrolls of recharging
 P - 2 scrolls of fog
Potions
 d - 8 potions of might
 e - 27 potions of curing
 z - 3 potions of cancellation
 E - 6 potions of agility
 N - 2 potions of heal wounds
 T - 4 potions of invisibility
 U - 3 potions of resistance
Miscellaneous
 l - a disc of storms
 y - a phantom mirror
 H - a lamp of fire
 I - a fan of gales
 S - a disc of storms
 X - a sack of spiders
 Y - a lamp of fire
 Z - a box of beasts
Comestibles
 f - 30 bread rations
 m - 13 meat rations
 r - 14 fruits


   Skills:
 - Level 17.3 Fighting
 - Level 14.0 Staves
 - Level 17.0 Armour
 - Level 15.7 Dodging
 - Level 6.9 Stealth
 - Level 15.1 Shields
 + Level 8.4 Necromancy
 - Level 15.0 Invocations
 - Level 5.0 Evocations


You had 11 spell levels left.
You knew the following spells:

 Your Spells              Type           Power        Failure   Level  Hunger
a - Animate Dead          Necr           N/A          77%         4    #####..
b - Regeneration          Chrm/Necr      #.........   93%         3    ####...
c - Lesser Beckoning      Tloc           #.........   100%        3    ####...


Dungeon Overview and Level Annotations

Branches:
Dungeon (15/15)            Temple (1/1) D:4            Lair (6/6) D:9
  Swamp (4/4) Lair:2        Snake (4/4) Lair:4        Slime (0/5) Lair:6
    Orc (2/2) D:10            Elf (3/3) Orc:2        Vaults (1/5) D:13
 Depths (0/5) D:15

Altars:
Dithmenos
Elyvilon
Fedhas
Gozag
Hepliaklqana
Kikubaaqudgha
Makhleb
Nemelex Xobeh
Trog
Uskayaw
Vehumet
Xom
Yredelemnul
Zin
The Shining One
Beogh
Jiyva

Shops:
D:4 %   D:6 =   D:12 !   D:13 =   Orc:2 !([}   Elf:2 %?(%[   Elf:3 [
Snake:1 =}=   Snake:2 *

Portals:
Trove: D:13 (give 18 scrolls of identify)

Annotations:
Lair:1 exclusion: 2 oklob plants


Innate Abilities, Weirdness & Mutations

You cannot be hasted, slowed, berserked, paralysed or teleported.
You can dig through walls and to a lower floor.
Your four strong arms can wield two-handed weapons with a shield.
You have a pair of large antennae on your head. (SInv)
Your spells are a little easier to cast, but a little less powerful.


Message History

The bolt of poison hits you!
You are poisoned.
You resist.
* * * LOW HITPOINT WARNING * * *
You feel sick. The green death gestures at you. The poison arrow hits you!
You are more poisoned.
You partially resist.
* * * LOW HITPOINT WARNING * * *
You feel sick.
The deep elf demonologist casts a spell.
You feel sick. The hellion gestures at you.
The sphere of damnation explodes!
The damnation engulfs you!
* * * LOW HITPOINT WARNING * * *
You feel sick. The hellion gestures at you.
The sphere of damnation explodes!
The damnation engulfs you!
You die...

########## #......... ########
#......... #......# #.........
#..2...# #.........
##########2.....########.........
.....§§.o)42....'......'.........
...e....co.e....@.....)'.........
...5..(p4#......#......######'###
.....(§p4########......#.......#
........{# #......#.......#
......(pp# #.^....#.......#
.........# #......#.......#
########## #......#.......#
#......#.......# #......'.......#


You could see a lorocyproca (invisible), a green death, a deep elf demonologist,
an orange demon, a hellion and an orc warrior.

Vanquished Creatures
  the Lernaean hydra (Swamp:4)
  Vashnia (Snake:4)
  2 deep elf master archers (Elf:3)
  2 deep elf blademasters (Elf:3)
  2 thorn hunters (Swamp:4)
  Kirke (Lair:6)
  Donald (Orc:2)
  13 nagarajas
  A vault warden (Vaults:1)
  4 deep elf sorcerers (Elf:3)
  Aizul (Snake:3)
  Louise (D:15)
  3 deep elf elementalists (Elf:3)
  A very ugly thing (D:13)
  An ironheart preserver (Vaults:1)
  4 deep elf demonologists (Elf:3)
  6 slime creatures
  A deep elf annihilator (Elf:3)
  The ghost of junb69 the Carver, a journeyman DrGl of Ashenzari (Lair:3)
  An ettin (Orc:1)
  5 deep elf death magi
  A deep elf high priest (Elf:3)
  A fire dragon (D:15)
  3 ogre magi
  Erolcha (D:14)
  A vault guard (D:13)
  20 naga warriors
  A catoblepas (D:13)
  A ghost crab (Swamp:4)
  19 hydras
  20 anacondas
  A death knight (D:15)
  5 centaur warriors
  33 dancing weapons
  5 alligators
  2 orc high priests
  A tengu warrior (D:15)
  20 two-headed ogres
  7 shock serpents
  Nergalle (Lair:3)
  Sonja (D:13)
  29 deep elf knights
  17 naga sharpshooters
  The ghost of WereVolvo the Quickloader, a novice MiHu of Okawaru (Bailey)
  3 salamander mystics
  3 skeletal warriors
  A death drake (Elf:1)
  4 unseen horrors
  2 sea snakes (Elf:1)
  2 spriggan druids (Swamp:4)
  A deep troll (D:15)
  14 swamp dragons
  3 wizards
  6 shambling mangroves
  14 naga ritualists
  9 deep elf archers
  2 orc knights
  4 lindwurms (Lair:5)
  8 mana vipers
  Pikel (D:5)
  A cyclops (D:13)
  11 orc sorcerers
  15 salamanders
  16 ugly things
  55 deep elf magi
  2 manticores
  15 naga magi
  39 black mambas
  8 guardian serpents
  3 gargoyles
  A guardian serpent (shapeshifter) (Elf:1)
  2 centaur skeletons
  19 spiny frogs
  6 komodo dragons
  6 rime drakes
  A yaktaur (shapeshifter) (Vaults:1)
  A tengu conjurer (D:15)
  12 trolls
  2 freezing wraiths
  4 polar bears (Lair:6)
  24 hornets
  7 tyrant leeches
  7 dream sheep (Lair:6)
  11 blink frogs
  A meliai zombie (D:15)
  2 bog bodies
  24 hippogriffs
  3 water elementals
  2 redbacks (Elf:1)
  A tarantella (Elf:1)
  5 shadows
  3 wraiths
  4 wyverns
  A spriggan (shapeshifter) (D:14)
  3 hogs (Lair:6)
  A yak (shapeshifter) (D:15)
  Eustachio (D:6)
  22 spriggans
  19 yaks
  2 hungry ghosts
  4 fire elementals
  9 basilisks
  15 vampire mosquitoes
  46 nagas
  24 swamp worms
  6 insubstantial wisps (Swamp:3)
  4 wargs
  2 soldier ants
  An acid dragon (D:14)
  A hell hound (D:14)
  13 water moccasins
  4 black bears
  9 swamp drakes
  27 orc warriors
  6 porcupines
  A hornet zombie (D:15)
  3 ice beasts
  8 sky beasts
  A slave (D:5)
  6 phantoms
  3 boggarts (Lair:6)
  A necrophage (D:5)
  27 ogres
  19 wolves
  11 crocodiles
  15 centaurs
  7 big kobolds
  11 bullfrogs
  3 gnoll sergeants (D:10)
  An earth elemental (Elf:1)
  A wyvern skeleton (D:14)
  4 scorpions
  26 killer bees
  8 wights
  10 electric eels
  2 howler monkeys
  6 crimson imps
  2 bullfrog zombies (D:10)
  4 centaur zombies
  6 jellies
  16 hounds
  3 bullfrog skeletons
  17 orc priests
  39 orc wizards
  Jessica (D:2)
  3 iguanas
  9 worker ants
  Natasha (thrice) (D:2)
  A killer bee zombie (D:10)
  An ogre zombie (D:14)
  3 hound zombies
  A worker ant zombie (D:9)
  8 gnolls
  11 adders
  3 shadow imps
  12 white imps (Orc:2)
  2 oozes
  2 adder skeletons (D:4)
  3 worms
  2 dart slugs
  5 leopard geckos
  106 orcs
  5 giant cockroaches
  6 goblins
  7 hobgoblins
  15 jackals
  15 kobolds
  6 quokkas
  7 bats
  4 frilled lizards
  A jackal zombie (D:3)
  A quokka skeleton (D:5)
  5 rats
  3 briar patches (Swamp:4)
  2 crawling corpses (Elf:3)
1368 creatures vanquished.

Vanquished Creatures (collateral kills)
  A deep elf elementalist (Elf:3)
  2 deep elf annihilators (Elf:3)
  A hydra (Lair:4)
  A swamp dragon (Swamp:4)
  4 orc knights (Bailey)
  4 orc warriors (Bailey)
  2 swamp drakes (Swamp:4)
  An earth elemental (Elf:3)
  17 orcs (Bailey)
33 creatures vanquished.

Vanquished Creatures (others)
  A hydra (Swamp:4)
  A centaur warrior (D:14)
  A deep elf mage (Elf:1)
  A cyclops (D:11)
  2 blink frogs (Swamp:4)
  An orc warrior (D:15)
  A centaur (D:11)
  A centaur zombie (D:5)
  A kobold (D:13)
  2 briar patches (Swamp:4)
  8 fungi
  5 plants
25 creatures vanquished.

Grand Total: 1426 creatures vanquished

Notes
Turn   | Place    | Note
-------+----------+-------------------------------------------
     0 | D:1      | ohad the Formicid Fighter began the quest for the Orb.
     0 | D:1      | Reached XP level 1. HP: 18/18 MP: 1/1
   226 | D:1      | Reached XP level 2. HP: 24/24 MP: 2/2
   713 | D:2      | Reached XP level 3. HP: 29/29 MP: 3/3
   723 | D:2      | Found a shadowy altar of Dithmenos.
   854 | D:2      | Noticed Jessica
   872 | D:2      | Killed Jessica
   872 | D:2      | Reached XP level 4. HP: 31/35 MP: 2/4
  1055 | D:2      | Noticed Natasha
  1070 | D:2      | Killed Natasha
  1080 | D:2      | Reached XP level 5. HP: 33/41 MP: 5/5
  1150 | D:2      | Noticed Natasha
  1159 | D:2      | Killed Natasha
  1159 | D:2      | Reached skill level 5 in Staves
  1334 | D:2      | Found a burning altar of Makhleb.
  1334 | D:2      | Found a radiant altar of Vehumet.
  1489 | D:2      | Noticed Natasha
  1503 | D:2      | Killed Natasha
  1539 | D:2      | Became a worshipper of Makhleb the Destroyer
  1682 | D:2      | Found a blossoming altar of Fedhas.
  1997 | D:3      | Reached XP level 6. HP: 47/47 MP: 6/6
  2009 | D:3      | Found a shimmering altar of Xom.
  2009 | D:3      | Found an ancient bone altar of Kikubaaqudgha.
  2015 | D:3      | Found a sparkling altar of Nemelex Xobeh.
  2018 | D:3      | Found an opulent altar of Gozag.
  2025 | D:3      | Found a white marble altar of Elyvilon.
  2149 | D:3      | Reached * piety under Makhleb
  2576 | D:4      | Found Cucrok's Food Emporium.
  3265 | D:4      | Found a staircase to the Ecumenical Temple.
  3328 | Temple   | Entered the Ecumenical Temple
  3337 | D:5      | Entered Level 5 of the Dungeon
  3491 | D:5      | Reached XP level 7. HP: 52/52 MP: 4/7
  3536 | D:5      | Reached ** piety under Makhleb
  3609 | D:5      | Noticed Pikel
  3646 | D:5      | Killed Pikel
  3646 | D:5      | Reached XP level 8. HP: 46/58 MP: 8/8
  4136 | D:5      | Reached skill level 10 in Staves
  4319 | D:5      | Reached XP level 9. HP: 56/64 MP: 7/9
  4406 | D:6      | Found a hazy altar of Hepliaklqana.
  4416 | D:6      | Found Hesh's Jewellery Shop.
  4416 | D:6      | Noticed Eustachio
  4511 | D:6      | Killed Eustachio
  4564 | D:6      | Found a hide-covered altar of Uskayaw.
  5020 | D:6      | Got an iridescent quarterstaff
  5030 | D:6      | Identified the +6 quarterstaff "Hiub" {drain, rF+ Int-3 Dex+4} (You found it on level 6 of the Dungeon)
  5574 | D:7      | Noticed a hippogriff
  5580 | D:7      | Killed a hippogriff
  5625 | D:7      | Reached XP level 10. HP: 70/70 MP: 10/10
  5742 | D:7      | Found a glowing golden altar of the Shining One.
  5750 | D:7      | Reached *** piety under Makhleb
  7576 | D:9      | Reached skill level 1 in Invocations
  7673 | D:9      | Reached skill level 5 in Shields
  7768 | D:9      | Reached XP level 11. HP: 72/75 MP: 13/13
  7784 | D:9      | Found a glowing silver altar of Zin.
  7790 | D:9      | Reached skill level 5 in Armour
  7905 | D:9      | Reached **** piety under Makhleb
  7965 | D:9      | Found a hazy altar of Hepliaklqana.
  8033 | D:9      | Found a staircase to the Lair.
  8518 | D:10     | Entered Level 10 of the Dungeon
  8663 | D:10     | Noticed a two-headed ogre
  8747 | D:10     | Found a sparkling altar of Nemelex Xobeh.
  8749 | D:10     | Noticed a two-headed ogre
  8759 | D:10     | Killed a two-headed ogre
  8828 | D:10     | Killed a two-headed ogre
  8885 | D:10     | Found a staircase to the Orcish Mines.
  8948 | D:10     | Reached ***** piety under Makhleb
  8964 | D:10     | Reached skill level 5 in Invocations
  9358 | D:10     | Noticed an unseen horror
  9369 | D:10     | Killed an unseen horror
  9416 | D:10     | Reached skill level 1 in Dodging
  9790 | D:10     | Reached XP level 12. HP: 84/84 MP: 16/16
 10597 | D:11     | Reached skill level 5 in Fighting
 11357 | Lair:1   | Entered Level 1 of the Lair of Beasts
 12400 | Lair:2   | Found a staircase to the Swamp.
 12573 | Lair:2   | Reached XP level 13. HP: 63/97 MP: 18/18
 13162 | D:6      | Bought the ring of Gatruny {rF++ MP+9 Dex+2 Slay+3} for 796 gold pieces
 13475 | Lair:3   | Reached skill level 10 in Armour
 13536 | Lair:3   | Noticed junb69's ghost (journeyman DrGl)
 13554 | Lair:3   | Killed junb69's ghost
 13854 | Lair:3   | Noticed Nergalle
 13862 | Lair:3   | Killed Nergalle
 13885 | Lair:3   | Reached skill level 5 in Dodging
 14329 | Lair:4   | Found a staircase to the Snake Pit.
 14664 | Lair:4   | Noticed a six-headed hydra
 14671 | Lair:4   | Killed a six-headed hydra
 14678 | Lair:4   | Got a heavily runed ring mail
 14691 | Lair:4   | Identified the +2 ring mail of the Fisher {rN++ rCorr Str+4 Slay-2} (You found it on level 4 of the Lair of Beasts)
 15870 | Lair:5   | Noticed a six-headed hydra
 15879 | Lair:5   | Killed a six-headed hydra
 16017 | Lair:6   | Entered Level 6 of the Lair of Beasts
 16120 | Lair:6   | Reached skill level 10 in Fighting
 16295 | Lair:6   | Noticed Kirke
 16315 | Lair:6   | Killed Kirke
 16315 | Lair:6   | Reached XP level 14. HP: 110/110 MP: 20/20
 16472 | Lair:6   | Reached ****** piety under Makhleb
 17107 | Lair:6   | Reached skill level 10 in Invocations
 17138 | Lair:6   | Found a viscous altar of Jiyva.
 17139 | Lair:6   | Found a staircase to the Slime Pits.
 17830 | D:12     | Found Hep Egh's Distillery.
 17839 | D:12     | Bought a potion of agility for 48 gold pieces
 17839 | D:12     | Bought a potion of might for 48 gold pieces
 17839 | D:12     | Bought 2 potions of heal wounds for 120 gold pieces
 18389 | D:13     | Found a flagged portal.
 18409 | Bailey   | Entered a bailey
 18421 | Bailey   | Noticed WereVolvo's ghost (novice MiHu)
 18434 | Bailey   | Killed WereVolvo's ghost
 18894 | D:13     | Found a bloodstained altar of Trog.
 18982 | D:13     | Found Ujittid's Jewellery Emporium.
 19081 | D:13     | Found a gate to the Vaults.
 19089 | D:13     | Reached XP level 15. HP: 120/120 MP: 22/22
 19114 | D:13     | Reached XP level 16. HP: 128/128 MP: 24/24
 19290 | D:13     | Found a portal to a secret trove of treasure.
 19848 | D:13     | You fall through a shaft!
 19996 | D:13     | Noticed Sonja
 20018 | D:13     | Killed Sonja
 20383 | D:14     | Noticed Erolcha
 20424 | D:14     | Killed Erolcha
 21494 | D:15     | Entered Level 15 of the Dungeon
 21499 | D:15     | Noticed Louise
 21906 | D:15     | Got a slimy chain mail
 21918 | D:15     | Identified the +8 chain mail of Sorcery {rC- rN+ Dex+7} (You found it on level 15 of the Dungeon)
 22039 | D:14     | Reached XP level 17. HP: 99/140 MP: 26/26
 22767 | D:15     | Killed Louise
 22780 | D:15     | Found a staircase to the Depths.
 23137 | D:15     | Reached skill level 10 in Shields
 23533 | Lair:1   | Identified 2 scrolls of acquirement
 23542 | Lair:1   | Got an ichor-stained lajatang
 23544 | Lair:1   | Identified the +10 lajatang "Jizimar" {slice, Str+3 Int+2 Dex-3 Stlth+} (You acquired it on level 1 of the Lair of Beasts)
 23599 | Orc:1    | Entered Level 1 of the Orcish Mines
 23611 | Orc:1    | Found a burning altar of Makhleb.
 23712 | Orc:1    | You fall through a shaft!
 23712 | Orc:2    | Entered Level 2 of the Orcish Mines
 23712 | Orc:2    | Found a frozen archway.
 23954 | Orc:2    | Found a staircase to the Elven Halls.
 23955 | Orc:2    | Found a roughly hewn altar of Beogh.
 24112 | Orc:2    | Found a bloodstained altar of Trog.
 24115 | Orc:2    | Noticed Donald
 24133 | Orc:2    | Killed Donald
 24587 | Orc:2    | Found Waza's Gadget Boutique.
 24593 | Orc:2    | Found Xaonkaol's Distillery.
 24675 | Orc:2    | Found an ancient bone altar of Kikubaaqudgha.
 24689 | Orc:2    | Found Roczesea's Antique Armour Boutique.
 24713 | Orc:2    | Found a radiant altar of Vehumet.
 24731 | Orc:2    | Bought a pair of embroidered boots for 325 gold pieces
 24741 | Orc:2    | Identified a +0 pair of boots of running (You bought it in a shop on level 2 of the Orcish Mines)
 24781 | Orc:2    | Found a roughly hewn altar of Beogh.
 24788 | Orc:2    | Found Poaqatoh's Antique Weapon Boutique.
 24868 | Orc:2    | Bought 2 potions of heal wounds for 100 gold pieces
 24868 | Orc:2    | Bought a potion of might for 40 gold pieces
 24868 | Orc:2    | Bought a potion of agility for 40 gold pieces
 24868 | Orc:2    | Bought a potion of heal wounds for 50 gold pieces
 24868 | Orc:2    | Bought a potion of curing for 30 gold pieces
 24868 | Orc:2    | Bought a potion of curing for 30 gold pieces
 25138 | Swamp:1  | Entered Level 1 of the Swamp
 25228 | Swamp:1  | Learned a level 4 spell: Animate Dead
 26474 | Swamp:2  | Reached XP level 18. HP: 148/148 MP: 27/27
 27050 | Swamp:3  | Reached skill level 15 in Shields
 27261 | Swamp:3  | Reached skill level 1 in Necromancy
 27526 | Swamp:4  | Entered Level 4 of the Swamp
 27773 | Swamp:4  | Reached skill level 5 in Necromancy
 27963 | Swamp:4  | Learned a level 3 spell: Regeneration
 28140 | Swamp:4  | Reached skill level 1 in Stealth
 28304 | Swamp:4  | Reached skill level 5 in Stealth
 28313 | Swamp:4  | Noticed the 27-headed Lernaean hydra
 28323 | Swamp:4  | Killed the 27-headed Lernaean hydra
 28327 | Swamp:4  | Reached skill level 10 in Dodging
 28451 | Swamp:4  | Got a decaying rune of Zot
 28920 | Snake:1  | Entered Level 1 of the Snake Pit
 29088 | Snake:1  | Reached XP level 19. HP: 154/154 MP: 28/28
 29409 | Snake:1  | Found Emuudox's Jewellery Shoppe.
 29410 | Snake:1  | Found Peush's Gadget Shop.
 29451 | Snake:1  | Found Uzatuedi's Jewellery Shoppe.
 29465 | Snake:1  | Bought the amulet of the Four Winds {rN+ MR+++ Clar} for 448 gold pieces
 29469 | Snake:1  | Bought the ring of Xyass {+Inv rN+ AC+6 Str+4} for 1548 gold pieces
 30746 | Snake:2  | Found Kigi's General Store.
 31203 | Snake:3  | Noticed Aizul
 31224 | Snake:3  | Killed Aizul
 31643 | Snake:3  | Found a sparkling altar of Nemelex Xobeh.
 31970 | Snake:2  | Bought the ring of Summertime {+Blink rElec rPois Int+2} for 768 gold pieces
 32010 | Snake:4  | Entered Level 4 of the Snake Pit
 32213 | Snake:4  | Reached XP level 20. HP: 161/161 MP: 29/29
 32237 | Snake:4  | Noticed Vashnia
 32251 | Snake:4  | Killed Vashnia
 32251 | Snake:4  | Reached skill level 15 in Dodging
 32795 | Snake:4  | Got a serpentine rune of Zot
 32907 | Snake:4  | Reached skill level 15 in Invocations
 33135 | Snake:4  | Reached skill level 15 in Fighting
 33966 | Elf:1    | Entered Level 1 of the Elven Halls
 33981 | Elf:1    | Reached skill level 1 in Evocations
 34159 | Elf:1    | Reached XP level 21. HP: 168/168 MP: 32/32
 34279 | Elf:1    | Reached skill level 5 in Evocations
 34502 | Elf:1    | Reached skill level 15 in Armour
 34954 | Elf:1    | Identified Sif Muna's Compendium of Poisoning
 35319 | Elf:2    | Found Vonoik's Weapon Shop.
 35347 | Elf:2    | Found Naolor's Food Shoppe.
 35409 | Elf:2    | Found a runed gate.
 35409 | Elf:2    | Found a runed gate.
 35413 | Elf:2    | Found a runed gate.
 35587 | Elf:2    | Found Xybb's Antique Armour Shop.
 35600 | Elf:2    | Bought a pair of polished gloves for 313 gold pieces
 35615 | Elf:2    | Identified the +2 pair of gloves of the Suburbs {rC- Int+2 SInv} (You bought it in a shop on level 2 of the Elven Halls)
 35662 | Elf:2    | Found Aleo's Food Emporium.
 35885 | Elf:2    | Found Cihasets's Magic Scroll Shop.
 35893 | Elf:2    | Bought a scroll of enchant armour for 112 gold pieces
 36684 | Elf:3    | Entered Level 3 of the Elven Halls
 36876 | Elf:3    | Reached XP level 22. HP: 176/179 MP: 33/33
 36994 | Elf:3    | Got a bound bronze ring
 36997 | Elf:3    | Identified the ring "Yvinkuf" {*Tele +Fly rN+ Str+2 Dex-2} (You found it on level 3 of the Elven Halls)
 37078 | Elf:3    | Learned a level 3 spell: Lesser Beckoning
 37354 | Elf:3    | Identified the Almanac of the Frigorific Blaze
 37364 | Elf:3    | Got a warped jade ring
 37366 | Elf:3    | Identified the ring "Seurchal" {Fire Int+3 SInv} (You found it on level 3 of the Elven Halls)
 37379 | Elf:3    | Got an amethyst-encrusted chain mail
 37393 | Elf:3    | Identified the +0 chain mail of the Untouchables {rCorr Int+5} (You found it on level 3 of the Elven Halls)
 37797 | Elf:3    | Found Mipn's Antique Armour Shop.
 37804 | Elf:3    | Bought a brightly glowing plate armour for 896 gold pieces
 37814 | Elf:3    | Identified the +4 plate armour of Pubbit {rF+} (You bought it in a shop on level 3 of the Elven Halls)
 37830 | Elf:3    | Found an ancient bone altar of Kikubaaqudgha.
 38174 | Vaults:1 | Entered Level 1 of the Vaults
 38341 | Vaults:1 | Gained mutation: Your spells are a little easier to cast, but a little less powerful. [a neqoxec]
 38370 | Vaults:1 | Killed from afar by a hellion

Vault maps used:
D:1:      saegor_arrival_simple_f
D:2:      grunt_dithmenos_smoke, fedhas_altar_fruit_tree,
          grunt_temple_overflow_open, first_bread, hangedman_decor_riveting,
          uniq_jessica, uniq_natasha
D:3:      chequers_temple_overflow_minitemple, serial_curves, eino_curves_03,
          eino_curves_02, kennysheep_generic_room_3
D:4:      serial_shops, nicolae_shop_waterfront
D:5:      uniq_pikel
D:6:      serial_shops, shop, basic_altar, kennysheep_flooded_box,
          interstate_on_off, uniq_eustachio
D:7:      old_standard_altar
D:9:      lemuel_round_altar, kennysheep_little_box, erik_lair_island,
          the_bakery
D:10:     wad_guarded_room, kennysheep_orc_monster_closet_entryway, basic_altar
D:12:     serial_shops, shop
D:13:     cheibrodos_breeding_chamber, david_vaults_5, enter_bailey_2,
          enter_trove_0, basic_altar, serial_shops, shop_fountains,
          corexii_leaking_fountain, uniq_sonja
D:14:     lemuel_ogre_cave, special_room
D:15:     hangedman_depths_entry_civil_slaughter, uniq_louise
Temple:   compressed_dpeg_triangle_lava_temple
Lair:1:   minmay_lair_oklob_chamber
Lair:2:   nicolae_swamp_entry_splash_gauntlet, minivault_25, grunt_megastairs_4,
          serial_bayou_shore_a
Lair:3:   beast_lair_carwin_4, lemuel_fruit_tree, grunt_megastairs_5,
          infiniplex_staircase_pool_2, uniq_nergalle
Lair:4:   dummy_snake_entry, grunt_megastairs_1
Lair:5:   st_stairs_3, minmay_lindwurm_lava
Lair:6:   minmay_lair_end_enchanted_forest, dpeg_slime_entry_enclosed_altar,
          uniq_kirke
Swamp:1:  hangedman_swamp_diagram, swamp_pool2
Swamp:2:  evilmike_swamp_ruin_rubble_2
Swamp:3:  evilmike_swamp_ruin_house_2, swamp_pool3, nicolae_swamp_snake_nest
Swamp:4:  swamp_old_school, nicolae_swamp_baby_hydras
Snake:1:  nicolae_large_snake_swirl, minmay_shop_grove
Snake:2:  serial_shops, shop, serial_bayou_shore_b
Snake:3:  basic_altar, uniq_aizul
Snake:4:  johnstein_snake_rune_scales
Orc:1:    bloody_makhleb
Orc:2:    kennysheep_orc_mage_school, basic_altar, portal_ice_cave_entry_imps,
          nicolae_orc_lost_temple, uniq_donald
Elf:1:    hangedman_elven_crosses_minicolossus, hangedman_research_toxicology
Elf:2:    serial_shops, nicolae_shop_behind_doors, nicolae_shop_trees, shop,
          nicolae_shop_temple_entry_statues_fountains, shop
Elf:3:    grunt_elf_hall_branching, serial_shops, shop, basic_altar
Vaults:1: v_misc_22, vaults_room_door_hall, nicolae_vaults_border_crossing,
          dpeg_vaults_monster_row, v_misc_17, nicolae_vaults_ninety_degrees,
          v_pattern_4, ontoclasm_vaults_eye, vaults_mumra_chevron,
          vaults_room_mumra_shop_pool, mu_enter_wizlab_3, uniq_jorgrun
Bailey:   bailey_polearm_5, bailey

Skill      XL: |  1  2  3  4  5  6  7  8  9 10 11 12 13 14 15 16 17 18 19 20 21 22 |
---------------+-------------------------------------------------------------------+-----
Staves         | 3 4 5 7 9 10 12 14 | 14.0
Shields        | 5 9 14 15 | 15.1
Invocations    | 2 5 7 9 10 11 12 15 | 15.0
Armour         | 4 7 9 11 12 13 14 17 | 17.0
Fighting       | 4 7 10 12 14 15 16 17 | 17.3
Dodging        | 1 4 6 7 8 9 11 14 15 | 15.7
Necromancy     | 6 8 |  8.4
Stealth        | 5 6 |  6.9
Evocations     | 4 5 |  5.0

Action                   |  1- 3 |  4- 6 |  7- 9 | 10-12 | 13-15 | 16-18 | 19-21 | 22-24 || total
-------------------------+-------+-------+-------+-------+-------+-------+-------+-------++-------
Melee: Quarterstaff      |    53 |   289 |   326 |   810 |   692 |   888 |       |       ||  3058
       Lajatang          |       |       |       |       |       |   703 |  1391 |   275 ||  2369
       Great mace        |       |       |       |       |       |     4 |       |       ||     4
Invok: Lesser Servant of |       |       |       |       |     4 |       |       |       ||     4
       Greater Servant o |       |       |       |       |     1 |     1 |       |     1 ||     3
 Abil: Dig               |     1 |     4 |     2 |    11 |     8 |    15 |    21 |       ||    62
  Use: Scroll            |       |     9 |       |     8 |     8 |    20 |     7 |     7 ||    59
       Potion            |       |       |     1 |       |     5 |     2 |     1 |     9 ||    18
 Stab: Distracted        |       |       |       |       |     1 |     3 |     1 |       ||     5
       Sleeping          |       |       |       |       |       |       |     1 |       ||     1
  Eat: Chunk             |       |     8 |     9 |    23 |    19 |    28 |    16 |     2 ||   105
       Pizza             |       |       |       |     1 |     1 |       |     1 |     2 ||     5
       Royal jelly       |       |       |       |       |     2 |     1 |       |       ||     3
       Beef jerky        |       |       |       |       |       |     2 |     4 |       ||     6
       Fruit             |       |       |       |       |       |       |     4 |     3 ||     7
Armor: Scale mail        |    20 |       |       |       |       |       |       |       ||    20
       Plate armour      |       |   154 |   118 |   200 |   168 |    19 |    92 |   131 ||   882
       Chain mail        |       |       |       |       |       |   304 |   153 |       ||   457
Dodge: Dodged            |    16 |    44 |    35 |    98 |   163 |   398 |   316 |   149 ||  1219
Block: Shield            |    32 |   137 |   104 |   306 |   379 |   299 |       |       ||  1257
       Reflection        |       |       |       |    12 |       |    50 |    10 |       ||    72
       Large shield      |       |       |       |       |       |   792 |  1017 |   340 ||  2149
